TOP OF THE 1ST |
Salem Silver Souls batting - Pitching for Key West Barracudas : RHP George Bennion
|
Pitching: RHP George Bennion
|
|
Batting: LHB Joel Nelson
|
0-0: Swinging Strike 0-1: Swinging Strike 0-2: Ball 1-2: Strikes out swinging
|
Batting: RHB Augusto Baiano
|
0-0: Ball 1-0: Foul Ball, location: 2F 1-1: Ball 2-1: Ball 3-1: Called Strike 3-2: Strikes out swinging
|
Batting: SHB Tony Yan
|
0-0: Called Strike 0-1: Called Strike 0-2: Fly out, F6 (Line Drive, 6)
|
Top of the 1st over - 0 run(s), 0 hit(s), 0 error(s), 0 left on base; Salem 0 - Key West 0 |
BOTTOM OF THE 1ST |
Key West Barracudas batting - Pitching for Salem Silver Souls : RHP António Rodríguez
|
Pitching: RHP António Rodríguez
|
|
Batting: SHB Luis Manuel López
|
0-0: Swinging Strike 0-1: Ball 1-1: SOLO HOME RUN (Line Drive, 89XD), Distance : 422 ft
|
Batting: SHB Héctor Jiménez
|
0-0: Called Strike 0-1: Ball 1-1: Called Strike 1-2: Ball 2-2: Ball 3-2: Fly out, F8 (Flyball, 78M)
|
Batting: RHB Frederick Chamberlain
|
0-0: Ball 1-0: Foul Ball, location: 2F 1-1: Ground out 4-3 (Groundball, 4)
|
Batting: SHB Héctor Padilla
|
0-0: Ball 1-0: Called Strike 1-1: Foul Ball, location: 2F 1-2: Ball 2-2: Foul Ball, location: 2F 2-2: SOLO HOME RUN (Flyball, 9D), Distance : 401 ft
|
Batting: RHB Ramón Díaz
|
0-0: Ball 1-0: Ball 2-0: Called Strike 2-1: SINGLE (Flyball, 7S)
|
Batting: SHB Jacob Knapp
|
0-0: Ball 1-0: Swinging Strike 1-1: Foul Ball, location: 2F 1-2: Strikes out swinging
|
Bottom of the 1st over - 2 run(s), 3 hit(s), 0 error(s), 1 left on base; Salem 0 - Key West 2 |
TOP OF THE 2ND |
Salem Silver Souls batting - Pitching for Key West Barracudas : RHP George Bennion
|
Batting: RHB Jim Villiers
|
0-0: Ball 1-0: Ground out 3-1 (Groundball, 34)
|
Batting: LHB Hamilton Hughes
|
0-0: SINGLE (Flyball, 78S)
|
Batting: RHB Tom Hughes
|
0-0: Ball 1-0: 2-RUN HOME RUN (Flyball, 7LD), Distance : 347 ft
|
Batting: SHB Jesús Sosa
|
0-0: Ball 1-0: Foul Ball, location: 2F 1-1: Called Strike 1-2: Ball 2-2: SINGLE (Line Drive, 78S)
|
Batting: SHB Francis Shaffer
|
0-0: Ball 1-0: Ball Jesús Sosa steals 2nd base 2-0: Foul Ball, location: 2F 2-1: Called Strike 2-2: Fly out, F7 (Flyball, 7LS)
|
Batting: RHB Jack Snyder
|
0-0: Called Strike 0-1: Ball 1-1: Called Strike 1-2: Strikes out looking
|
Top of the 2nd over - 2 run(s), 3 hit(s), 0 error(s), 1 left on base; Salem 2 - Key West 2 |
BOTTOM OF THE 2ND |
Key West Barracudas batting - Pitching for Salem Silver Souls : RHP António Rodríguez
|
Batting: RHB Anastasio Zartuche
|
0-0: Called Strike 0-1: Ball 1-1: Swinging Strike 1-2: Ground out 6-3 (Groundball, 6S)
|
Batting: SHB Dan Dunn
|
0-0: Ball 1-0: Foul Ball, location: 2F 1-1: Swinging Strike 1-2: Foul Ball, location: 2F 1-2: Ball 2-2: Strikes out looking
|
Batting: RHB Júlio Cruz
|
0-0: Called Strike 0-1: DOUBLE (Flyball, 8RD)
|
Batting: SHB Luis Manuel López
|
0-0: Ball 1-0: SINGLE (Line Drive, 7LS) Júlio Cruz to third Runner from 3rd tries for Home, SAFE, no throw
|
Batting: SHB Héctor Jiménez
|
0-0: SINGLE (Groundball, 6D) Luis Manuel López to second
|
Batting: RHB Frederick Chamberlain
|
0-0: Called Strike 0-1: Foul Ball, location: 2F 0-2: Ball 1-2: Strikes out swinging
|
Bottom of the 2nd over - 1 run(s), 3 hit(s), 0 error(s), 2 left on base; Salem 2 - Key West 3 |
TOP OF THE 3RD |
Salem Silver Souls batting - Pitching for Key West Barracudas : RHP George Bennion
|
Batting: LHB Joel Nelson
|
0-0: Ball 1-0: Ball 2-0: Called Strike 2-1: Ball 3-1: Foul Ball, location: 2F 3-2: Foul Ball, location: 2F 3-2: SOLO HOME RUN (Flyball, 78XD), Distance : 396 ft
|
Batting: RHB Augusto Baiano
|
0-0: Fly out, F7 (Flyball, 7)
|
Batting: SHB Tony Yan
|
0-0: Ball 1-0: Called Strike 1-1: Swinging Strike 1-2: Strikes out swinging
|
Batting: RHB Jim Villiers
|
0-0: Foul Ball, location: 2F 0-1: Foul Ball, location: 2F 0-2: Ball 1-2: Foul Ball, location: 2F 1-2: SOLO HOME RUN (Flyball, 78XD), Distance : 392 ft
|
Batting: LHB Hamilton Hughes
|
0-0: Ball 1-0: Ball 2-0: Foul Ball, location: 2F 2-1: Fly out, F8 (Line Drive, 8LM)
|
Top of the 3rd over - 2 run(s), 2 hit(s), 0 error(s), 0 left on base; Salem 4 - Key West 3 |
BOTTOM OF THE 3RD |
Key West Barracudas batting - Pitching for Salem Silver Souls : RHP António Rodríguez
|
Batting: SHB Héctor Padilla
|
0-0: Ball 1-0: Foul Ball, location: 2F 1-1: Ball 2-1: Fly out, F7 (Flyball, 78S)
|
Batting: RHB Ramón Díaz
|
0-0: Swinging Strike 0-1: Ball 1-1: Ball 2-1: Ball 3-1: Called Strike 3-2: Strikes out swinging
|
Batting: SHB Jacob Knapp
|
0-0: Called Strike 0-1: SINGLE (Line Drive, 89S)
|
Batting: RHB Anastasio Zartuche
|
0-0: Ball 1-0: Called Strike 1-1: Foul Ball, location: 2F 1-2: Ball 2-2: Foul Ball, location: 2F 2-2: Foul Ball, location: 2F 2-2: Ball 3-2: Foul Ball, location: 2F 3-2: Foul Ball, location: 2F 3-2: Base on Balls Jacob Knapp to second
|
Pitching: RHP Patrick Williamson
|
|
Batting: SHB Dan Dunn
|
0-0: Called Strike 0-1: Ball 1-1: Foul Ball, location: 2F 1-2: Strikes out swinging
|
Bottom of the 3rd over - 0 run(s), 1 hit(s), 0 error(s), 2 left on base; Salem 4 - Key West 3 |
TOP OF THE 4TH |
Salem Silver Souls batting - Pitching for Key West Barracudas : RHP George Bennion
|
Batting: RHB Tom Hughes
|
0-0: DOUBLE (Line Drive, 7LM)
|
Batting: SHB Jesús Sosa
|
0-0: Ball 1-0: Called Strike 1-1: Ground out 6-3 (Groundball, 6M) Tom Hughes to third
|
Batting: SHB Francis Shaffer
|
0-0: Ground out 4-3 (Groundball, 4MS) Tom Hughes scores
|
Batting: RHB Jack Snyder
|
0-0: SINGLE (Groundball, 56D)
|
Pitching: RHP Bob Schneider
|
|
Batting: LHB Joel Nelson
|
0-0: Ball 1-0: Ball 2-0: Ball 3-0: Called Strike 3-1: Base on Balls Jack Snyder to second
|
Batting: RHB Augusto Baiano
|
0-0: 3-RUN HOME RUN (Line Drive, 7D), Distance : 415 ft
|
Batting: SHB Tony Yan
|
0-0: Ball 1-0: Ground out 4-3 (Groundball, 4)
|
Top of the 4th over - 4 run(s), 3 hit(s), 0 error(s), 0 left on base; Salem 8 - Key West 3 |
BOTTOM OF THE 4TH |
Key West Barracudas batting - Pitching for Salem Silver Souls : RHP Patrick Williamson
|
Batting: RHB Júlio Cruz
|
0-0: Ball 1-0: Ball 2-0: Called Strike 2-1: Swinging Strike 2-2: Strikes out looking
|
Batting: SHB Luis Manuel López
|
0-0: Called Strike 0-1: Called Strike 0-2: Ball 1-2: Ball 2-2: Ground out U3 (Groundball, 34)
|
Batting: SHB Héctor Jiménez
|
0-0: Ball 1-0: Called Strike 1-1: Ball 2-1: Ball 3-1: Base on Balls
|
Batting: RHB Frederick Chamberlain
|
0-0: Swinging Strike 0-1: Ball 1-1: Foul Ball, location: 2F 1-2: Strikes out swinging
|
Bottom of the 4th over - 0 run(s), 0 hit(s), 0 error(s), 1 left on base; Salem 8 - Key West 3 |
TOP OF THE 5TH |
Salem Silver Souls batting - Pitching for Key West Barracudas : RHP Bob Schneider
|
Batting: RHB Jim Villiers
|
0-0: Ball 1-0: Foul Ball, location: 2F 1-1: SINGLE (Line Drive, 56D)
|
Batting: LHB Hamilton Hughes
|
0-0: DOUBLE (Line Drive, 89D) Jim Villiers to third
|
Batting: RHB Tom Hughes
|
0-0: Called Strike 0-1: Foul Ball, location: 2F 0-2: Strikes out swinging
|
Batting: SHB Jesús Sosa
|
0-0: Ball 1-0: Ball 2-0: Ball 3-0: Called Strike 3-1: SINGLE (Groundball, 6D) Jim Villiers scores Hamilton Hughes to third Runner from 3rd tries for Home, SAFE, throw made home Jesús Sosa to second
|
Pitching: RHP Sean Martínez
|
|
Batting: SHB Francis Shaffer
|
0-0: Ball 1-0: Swinging Strike 1-1: Ground out U3 (Groundball, 3L) Jesús Sosa to third
|
Batting: RHB Jack Snyder
|
0-0: Ball 1-0: Foul Ball, location: 2F 1-1: Swinging Strike 1-2: Strikes out looking
|
Top of the 5th over - 2 run(s), 3 hit(s), 0 error(s), 1 left on base; Salem 10 - Key West 3 |
BOTTOM OF THE 5TH |
Key West Barracudas batting - Pitching for Salem Silver Souls : RHP Patrick Williamson
|
Batting: SHB Héctor Padilla
|
0-0: Foul Ball, location: 2F 0-1: Foul Ball, location: 2F 0-2: Strikes out swinging
|
Batting: RHB Ramón Díaz
|
0-0: Fly out, F9 (Flyball, 9LM)
|
Batting: SHB Jacob Knapp
|
0-0: Called Strike 0-1: Ball 1-1: Ball 2-1: Ball 3-1: Foul Ball, location: 2F 3-2: Base on Balls
|
Batting: RHB Anastasio Zartuche
|
0-0: Ball 1-0: Ball 2-0: Ball 3-0: Called Strike 3-1: SINGLE (Groundball, 6D) Jacob Knapp to second
|
Batting: SHB Dan Dunn
|
0-0: Ball 1-0: Fielders Choice at 2nd, 4-6 (Groundball, 4)
|
Bottom of the 5th over - 0 run(s), 1 hit(s), 0 error(s), 1 left on base; Salem 10 - Key West 3 |
TOP OF THE 6TH |
Salem Silver Souls batting - Pitching for Key West Barracudas : RHP Sean Martínez
|
Batting: LHB Joel Nelson
|
0-0: Called Strike 0-1: Called Strike 0-2: Ball 1-2: Ball 2-2: Ball 3-2: Foul Ball, location: 2F 3-2: Strikes out swinging
|
Batting: RHB Augusto Baiano
|
0-0: Hit by Pitch
|
Batting: SHB Tony Yan
|
0-0: Called Strike 0-1: Fly out, F2 (Popup, 3S)
|
Batting: RHB Jim Villiers
|
0-0: Called Strike 0-1: Called Strike 0-2: SINGLE (Line Drive, 6MD) Augusto Baiano to second
|
Batting: LHB Hamilton Hughes
|
0-0: Ball 1-0: Called Strike 1-1: Ball 2-1: Ground out 4-3 (Groundball, 4S)
|
Top of the 6th over - 0 run(s), 1 hit(s), 0 error(s), 2 left on base; Salem 10 - Key West 3 |
BOTTOM OF THE 6TH |
Key West Barracudas batting - Pitching for Salem Silver Souls : RHP Patrick Williamson
|
Pitching: RHP Bob Bartell
|
|
Batting: RHB Júlio Cruz
|
0-0: Ball 1-0: Foul Ball, location: 2F 1-1: Ball 2-1: Foul Ball, location: 2F 2-2: Foul Ball, location: 2F 2-2: Ball 3-2: Strikes out looking
|
Batting: SHB Luis Manuel López
|
0-0: Swinging Strike 0-1: Ball 1-1: Ball 2-1: Called Strike 2-2: Foul Ball, location: 2F 2-2: Ball 3-2: Base on Balls
|
Batting: SHB Héctor Jiménez
|
0-0: Called Strike 0-1: Foul Ball, location: 2F 0-2: Fly out, F7 (Flyball, 7LS)
|
Batting: RHB Frederick Chamberlain
|
0-0: Ball 1-0: Ball 2-0: Called Strike 2-1: Ball 3-1: Swinging Strike 3-2: Foul Ball, location: 2F 3-2: 2-RUN HOME RUN (Line Drive, 7LD), Distance : 363 ft
|
Batting: SHB Héctor Padilla
|
0-0: Swinging Strike 0-1: Swinging Strike 0-2: Foul Ball, location: 2F 0-2: SOLO HOME RUN (Flyball, 8RXD), Distance : 419 ft
|
Batting: RHB Ramón Díaz
|
0-0: Foul Ball, location: 2F 0-1: SINGLE (Groundball, 6MD)
|
Pitching: RHP Fernando Gutiérrez
|
|
Batting: SHB Jacob Knapp
|
0-0: Swinging Strike 0-1: Ball 1-1: Foul Ball, location: 2F 1-2: Fly out, F5 (Popup, 56S)
|
Bottom of the 6th over - 3 run(s), 3 hit(s), 0 error(s), 1 left on base; Salem 10 - Key West 6 |
TOP OF THE 7TH |
Salem Silver Souls batting - Pitching for Key West Barracudas : RHP Sean Martínez
|
Batting: RHB Tom Hughes
|
0-0: Ball 1-0: Foul Ball, location: 2F 1-1: Ground out U3 (Groundball, 34)
|
Batting: SHB Jesús Sosa
|
0-0: Called Strike 0-1: Foul Ball, location: 2F 0-2: Foul Ball, location: 2F 0-2: Ball 1-2: Ball 2-2: Ground out U3 (Groundball, 34)
|
Batting: SHB Francis Shaffer
|
0-0: Foul Ball, location: 2F 0-1: Fly out, F5 (Popup, 5)
|
Top of the 7th over - 0 run(s), 0 hit(s), 0 error(s), 0 left on base; Salem 10 - Key West 6 |
BOTTOM OF THE 7TH |
Key West Barracudas batting - Pitching for Salem Silver Souls : RHP Fernando Gutiérrez
|
Batting: RHB Anastasio Zartuche
|
0-0: Ground out 5-3 (Groundball, 56)
|
Batting: SHB Dan Dunn
|
0-0: Called Strike 0-1: Swinging Strike 0-2: Ball 1-2: Foul Ball, location: 2F 1-2: Strikes out swinging
|
Batting: RHB Júlio Cruz
|
0-0: Ball 1-0: Called Strike 1-1: Fly out, F6 (Line Drive, 6)
|
Bottom of the 7th over - 0 run(s), 0 hit(s), 0 error(s), 0 left on base; Salem 10 - Key West 6 |
TOP OF THE 8TH |
Salem Silver Souls batting - Pitching for Key West Barracudas : RHP Sean Martínez
|
Batting: RHB Jack Snyder
|
0-0: Ball 1-0: Swinging Strike 1-1: Ball 2-1: Ball 3-1: Foul Ball, location: 2F 3-2: Base on Balls
|
Batting: LHB Joel Nelson
|
0-0: Ball 1-0: Reached on error, E3 (Groundball, 34S) Jack Snyder to third
|
Batting: RHB Augusto Baiano
|
0-0: Foul Ball, location: 2F 0-1: Ball 1-1: SINGLE (Line Drive, 34) Jack Snyder scores Joel Nelson to third
|
Pitching: RHP Armando Chávez
|
|
Batting: SHB Tony Yan
|
0-0: Called Strike 0-1: Ball 1-1: Foul Ball, location: 2F 1-2: Strikes out swinging
|
Batting: RHB Jim Villiers
|
0-0: Ball 1-0: Ball 2-0: Ball 3-0: Base on Balls Augusto Baiano to second
|
Batting: LHB Hamilton Hughes
|
0-0: Ball 1-0: Foul Ball, location: 2F 1-1: Swinging Strike 1-2: Foul Ball, location: 2F 1-2: Ball 2-2: DOUBLE (Line Drive, 78M) Joel Nelson scores Augusto Baiano scores Jim Villiers to third Runner from 3rd tries for Home, SAFE, no throw
|
Batting: RHB Tom Hughes
|
0-0: Ball 1-0: Called Strike 1-1: Ball 2-1: Ball 3-1: Base on Balls
|
Batting: SHB Jesús Sosa
|
0-0: Called Strike 0-1: Fielders Choice at 2nd, 1-4 (Groundball, 15) Hamilton Hughes to third
|
Batting: SHB Francis Shaffer
|
0-0: Ball 1-0: Ball 2-0: Called Strike 2-1: Ball 3-1: Foul Ball, location: 2F 3-2: Foul Ball, location: 2F 3-2: Strikes out swinging
|
Top of the 8th over - 4 run(s), 2 hit(s), 1 error(s), 2 left on base; Salem 14 - Key West 6 |
BOTTOM OF THE 8TH |
Key West Barracudas batting - Pitching for Salem Silver Souls : RHP Fernando Gutiérrez
|
Batting: SHB Luis Manuel López
|
0-0: Called Strike 0-1: Called Strike 0-2: Strikes out swinging
|
Batting: SHB Héctor Jiménez
|
0-0: Ball 1-0: SINGLE (Line Drive, 7LS)
|
Batting: RHB Frederick Chamberlain
|
0-0: SINGLE (Line Drive, 89S) Héctor Jiménez to second
|
Pinch Hitting: LHB Daniel Byrd
|
0-0: Called Strike 0-1: Ball 1-1: SINGLE (Groundball, 34) (infield hit) Héctor Jiménez to third Frederick Chamberlain to second
|
Batting: RHB Ramón Díaz
|
0-0: Ball 1-0: Ball 2-0: Foul Ball, location: 2F 2-1: Foul Ball, location: 2F 2-2: Ball 3-2: Foul Ball, location: 2F 3-2: Ground out 5-3 (Groundball, 2L) Héctor Jiménez scores Frederick Chamberlain to third Daniel Byrd to second
|
Batting: SHB Jacob Knapp
|
0-0: Ball Passed Ball! Frederick Chamberlain scores Daniel Byrd to third 1-0: Called Strike 1-1: Ball 2-1: Ball 3-1: Ground out 5-3 (Groundball, 56S)
|
Bottom of the 8th over - 2 run(s), 3 hit(s), 0 error(s), 1 left on base; Salem 14 - Key West 8 |
TOP OF THE 9TH |
Salem Silver Souls batting - Pitching for Key West Barracudas : RHP Armando Chávez
|
Now at 3B: John Smith
|
|
Batting: RHB Jack Snyder
|
0-0: Fly out, F8 (Flyball, 89XD)
|
Batting: LHB Joel Nelson
|
0-0: Swinging Strike 0-1: Ball 1-1: Called Strike 1-2: Ground out 4-3 (Groundball, 4)
|
Batting: RHB Augusto Baiano
|
0-0: Foul Ball, location: 2F 0-1: Foul Ball, location: 2F 0-2: Ball 1-2: Ball 2-2: Foul Ball, location: 2F 2-2: Ball 3-2: Base on Balls
|
Batting: SHB Tony Yan
|
0-0: Ball 1-0: Ball Wild Pitch! Augusto Baiano to second 2-0: Called Strike 2-1: Called Strike 2-2: Strikes out swinging
|
Top of the 9th over - 0 run(s), 0 hit(s), 0 error(s), 1 left on base; Salem 14 - Key West 8 |
BOTTOM OF THE 9TH |
Key West Barracudas batting - Pitching for Salem Silver Souls : RHP Fernando Gutiérrez
|
Now in RF: Dawson Fowler
|
|
Batting: RHB Anastasio Zartuche
|
0-0: Ground out 6-3 (Groundball, 6)
|
Batting: SHB Dan Dunn
|
0-0: Called Strike 0-1: Ball 1-1: Ball 2-1: Ball 3-1: Base on Balls
|
Batting: RHB Júlio Cruz
|
0-0: Ball 1-0: Swinging Strike 1-1: Fielders Choice at 2nd, 3-6 (Groundball, 34)
|
Batting: SHB Luis Manuel López
|
0-0: Fly out, F8 (Line Drive, 8LM)
|
Bottom of the 9th over - 0 run(s), 0 hit(s), 0 error(s), 1 left on base; Salem 14 - Key West 8 |
|